Workbook

Sheet Cover
B2: RCI Hospitality Holdings (RICK) — Combined Financial Model
B3: All source workbooks consolidated into a single file
B5: Tab | C5: Contents
B6: Income Statement (Detail) | C6: 5-year income statement, FY2020–FY2024 ($ thousands) — source: IS_5YR.xlsx
B7: Balance Sheet (Detail) | C7: 5-year balance sheet, FY2021–FY2025 — source: 5YBS.xlsx (see data note below)
B8: Cash Flow (Detail) | C8: 5-year cash flow statement, FY2021–FY2025 ($ thousands) — source: CFS_5yr.xlsx
B9: Raw Data | C9: Summary IS/BS/CF line items, FY2021–FY2025 ($ millions), with data-tie checks — source: RICK_Financial_Model_Combined.xlsx
B10: Cash Flow Statement | C10: Detailed cash flow build with live formulas, FY2021–FY2025 ($ millions) — source: RICK_Financial_Model_Combined.xlsx
B11: Ratios | C11: Profitability, liquidity, efficiency and leverage ratios computed via live formulas from 'Raw Data' — source: RICK_Financial_Model_Combined.xlsx
B13: Data note
B14: The 'Balance Sheet (Detail)' tab (from 5YBS.xlsx) does not reconcile with the other three files. Its Total Assets (~6,400–8,400, unspecified scale) and line-item labels (e.g. 'Rights of use fixed assets', IFRS-style terms) don't match RICK's Total Assets of ~$365mm–$611mm shown in 'Raw Data', nor the revenue/net income figures in 'Income Statement (Detail)' and 'Cash Flow (Detail)', which do tie to 'Raw Data' and 'Cash Flow Statement'. It looks like 5YBS.xlsx may be from a different company or a mismatched unit basis. It has been included as-is for your review — flag if you'd like it replaced with a reconciled RICK balance sheet.

Sheet Income Statement (Detail)
B1: 2020 | C1: 2021 | D1: 2022 | E1: 2023 | F1: 2024
A2: Revenues
A3: Sales of alcoholic beverages | B3: $59,080 | C3: $86,685 | D3: $113,316 | E3: $127,262 | F3: $133,124
A4: Sales of food and merchandise | B4: 24460 | C4: 41111 | D4: 44294 | E4: 43906 | F4: 44606
A5: Service revenues | B5: 41162 | C5: 55461 | D5: 93888 | E5: 103577 | F5: 98455
A6: Other | B6: 7625 | C6: 12001 | D6: 16122 | E6: 19045 | F6: 19419
A7: Total revenues | B7: $132,327 | C7: $195,258 | D7: $267,620 | E7: $293,790 | F7: $295,604
A9: Operating expenses
A10: Cost of goods sold
A11: Alcoholic beverages sold | B11: 11097 | C11: 15883 | D11: 20155 | E11: 23291 | F11: 24228
A12: Food and merchandise sold | B12: 8071 | C12: 13794 | D12: 15537 | E12: 15429 | F12: 16360
A13: Service and other | B13: 267 | C13: 374 | D13: 317 | E13: 282 | F13: 397
A14: Total cost of goods sold | B14: 19435 | C14: 30051 | D14: 36009 | E14: 39002 | F14: 40985
A15: Salaries and wages | B15: 39070 | C15: 50627 | D15: 68447 | E15: 79500 | F15: 84177
A16: Selling, general and administrative | B16: 51692 | C16: 54608 | D16: 78847 | E16: 93024 | F16: 99672
A17: Depreciation and amortization | B17: 8836 | C17: 8238 | D17: 12391 | E17: 15151 | F17: 15395
A18: Impairments and other charges, net | B18: 10548 | C18: 13186 | D18: 467 | E18: 15629 | F18: 36570
A19: Total operating expenses | B19: 129581 | C19: 156710 | D19: 196161 | E19: 242306 | F19: 276799
A21: Income from operations | B21: $2,746 | C21: $38,548 | D21: $71,459 | E21: $51,484 | F21: $18,805
A23: Other income (expenses)
A24: Interest expense | B24: -9811 | C24: -9992 | D24: -11950 | E24: -15926 | F24: -16679
A25: Interest income | B25: 324 | C25: 253 | D25: 411 | E25: 388 | F25: 482
A26: Non-operating gains, net | B26: -64 | C26: 5330 | D26: 211 | E26: — | F26: —
A27: Income before income taxes | B27: ($6,805) | C27: $34,139 | D27: $60,131 | E27: $35,946 | F27: $2,608
A29: Income tax expense (benefit) | B29: -493 | C29: 3989 | D29: 14071 | E29: 6846 | F29: -410
A30: Net income | B30: ($6,312) | C30: $30,150 | D30: $46,060 | E30: $29,100 | F30: $3,018
A32: Net loss (income) attributable to noncontrolling interests | B32: 227 | C32: 186 | D32: -19 | E32: 146 | F32: -7
A33: Net income (loss) attributable to RCIHH common stockholders | B33: ($6,085) | C33: $30,336 | D33: $46,041 | E33: $29,246 | F33: $3,011
A35: Earnings (loss) per share
A36: Basic and diluted | B36: ($0.66) | C36: $3.37 | D36: $4.91 | E36: $3.13 | F36: $0.33
A38: Weighted average shares used in computing earnings per share
A39: Basic and diluted | B39: 9199225 | C39: 9004744 | D39: 9383445 | E39: 9335983 | F39: 9250245

Sheet Balance Sheet (Detail)
A1: Assets | B1: 2025 | C1: 2024 | D1: 2023 | E1: 2022 | F1: 2021
A2: Tangible fixed assets | B2: 4077 | C2: 3513 | D2: 3317 | E2: 3442 | F2: 2973
A3: Real estate properties | B3: 109 | C3: 113 | D3: 122 | E3: 119 | F3: 124
A4: Intangible fixed assets | B4: 51 | C4: 110 | D4: 203 | E4: 319 | F4: 345
A5: Rights of use fixed assets | B5: 107 | C5: 104 | D5: 268 | E5: 461 | F5: 827
A6: Investments accounted for using equity method | B6: 15 | C6: 15 | D6: 12 | E6: 12 | F6: 26
A7: Other financial fixed assets, including investments | B7: 104 | C7: 106 | D7: 157 | E7: 197 | F7: 131
A8: Deferred tax assets | B8: 368 | C8: 422 | D8: 428 | E8: 316 | F8: 367
A9: Total fixed assets | B9: 4831 | C9: 4383 | D9: 4507 | E9: 4866 | F9: 4793
A10: Inventories | B10: 175 | C10: 172 | D10: 177 | E10: 220 | F10: 176
A11: Accounts receivable and other receivables | B11: 494 | C11: 371 | D11: 516 | E11: 676 | F11: 1219
A12: Income tax receivable | B12: - | C12: 22 | D12: - | E12: - | F12: -
A13: Other financial current assets, including investments | B13: 871 | C13: 1046 | D13: 715 | E13: 745 | F13: 478
A14: Cash and cash equivalents | B14: 437 | C14: 449 | D14: 460 | E14: 396 | F14: 680
A15: Assets held for sale | B15: - | C15: - | D15: - | E15: 1476 | F15: -
A16: Total current assets | B16: 1977 | C16: 2038 | D16: 1868 | E16: 3513 | F16: 2575
A17: Total assets | B17: 6808 | C17: 6421 | D17: 6375 | E17: 8379 | F17: 7368
A18: Equity and Liabilities | B18: 2025 | C18: 2024 | D18: 2023 | E18: 2022 | F18: 2021
A19: Equity | B19: 2158 | C19: 1775 | D19: 1914 | E19: 2309 | F19: 1856
A20: Deferred income | B20: 87 | C20: 106 | D20: 123 | E20: 128 | F20: 161
A21: Loans and other financial liabilities, including derivatives | B21: 2300 | C21: 2536 | D21: 1672 | E21: 1505 | F21: 1598
A22: Lease liabilities | B22: 94 | C22: 91 | D22: 315 | E22: 377 | F22: 634
A23: Employee benefits | B23: 237 | C23: 81 | D23: 58 | E23: 55 | F23: 54
A24: Provisions | B24: 87 | C24: 90 | D24: 87 | E24: 310 | F24: 216
A25: Accruals | B25: 4 | C25: 6 | D25: 8 | E25: 9 | F25: 10
A26: Deferred tax liabilities | B26: - | C26: - | D26: - | E26: - | F26: 2
A27: Total non-current liabilities | B27: 2809 | C27: 2910 | D27: 2263 | E27: 2384 | F27: 2675
A28: Loans and other financial liabilities | B28: 237 | C28: 69 | D28: 387 | E28: 296 | F28: 196
A29: Lease liabilities | B29: 18 | C29: 30 | D29: 89 | E29: 87 | F29: 296
A30: Income tax payable | B30: - | C30: 13 | D30: 11 | E30: 12 | F30: -
A31: Accounts payable and other liabilities | B31: 1006 | C31: 1026 | D31: 1004 | E31: 1306 | F31: 1647
A32: Deferred income | B32: 568 | C32: 590 | D32: 590 | E32: 565 | F32: 645
A33: Provisions | B33: 12 | C33: 21 | D33: 115 | E33: 74 | F33: 208
A34: Total current liabilities | B34: 1841 | C34: 1736 | D34: 2198 | E34: 2339 | F34: 3004
A35: Liabilities held for sale | B35: - | C35: - | D35: - | E35: 1347 | F35: -
A36: Total equity and liabilities | B36: 6808 | C36: 6421 | D36: 6375 | E36: 8379 | F36: 7368

Sheet Cash Flow (Detail)
A1: RCI Hospitality Holdings, Inc. – Cash Flow Statement (FY2021–FY2025)
A2: Item | B2: FY2021 | C2: FY2022 | D2: FY2023 | E2: FY2024 | F2: FY2025
A3: Cash flows from operating activities
A4: Net income | B4: 30150 | C4: 46060 | D4: 29100 | E4: 3018 | F4: 10839
A5: Depreciation and amortization | B5: 8549 | C5: 12705 | D5: 15766 | E5: 16003 | F5: 15627
A6: Deferred income taxes | B6: -1253 | C6: 3080 | D6: -1781 | E6: -6450 | F6: -1004
A7: Share‑based compensation | B7: — | C7: 2350 | D7: 2590 | E7: 1880 | F7: 1370
A8: Change in accounts receivable | B8: -769 | C8: -175 | D8: -2383 | E8: 4283 | F8: 1943
A9: Change in inventories | B9: -290 | C9: -550 | D9: 180 | E9: -310 | F9: -20
A10: Change in accounts payable | B10: -6520 | C10: -1080 | D10: 1370 | E10: 1120 | F10: 16910
A11: Change in other working capital | B11: -3451 | C11: -1421 | D11: -1203 | E11: 2671 | F11: 17594
A12: Other adjustments | B12: 7050 | C12: 5130 | D12: 13490 | E12: 32920 | F12: 4530
A13: Net cash provided by operating activities | B13: 41991 | C13: 64509 | D13: 59130 | E13: 55884 | F13: 49418
A15: Cash flows from investing activities
A16: Capital expenditures | B16: -13511 | C16: -24003 | D16: -40384 | E16: -24600 | F16: -14527
A17: Proceeds from sale of fixed assets | B17: 5420 | C17: 10670 | D17: 4250 | E17: 1970 | F17: 1090
A18: Payments for business acquisitions | B18: — | C18: -55290 | D18: -29000 | E18: — | F18: -13000
A19: Other investing activities | B19: 1280 | C19: 830 | D19: 320 | E19: 1620 | F19: 2390
A20: Net cash used in investing activities | B20: -6814 | C20: -67797 | D20: -64824 | E20: -21015 | F20: -24041
A22: Cash flows from financing activities
A23: Proceeds from long‑term debt | B23: 38490 | C23: 35820 | D23: 11595 | E23: 22657 | F23: 10888
A24: Repayment of long‑term debt | B24: -49178 | C24: -14894 | D24: -15650 | E24: -23001 | F24: -20502
A25: Repurchase of common stock | B25: -1794 | C25: -15097 | D25: -2223 | E25: -20606 | F25: -11860
A26: Dividends paid | B26: -1440 | C26: -1784 | D26: -2146 | E26: -2302 | F26: -2464
A27: Other financing activities | B27: -1174 | C27: -463 | D27: -839 | E27: -290 | F27: -80
A28: Net cash provided by (used in) financing activities | B28: -15096 | C28: 3582 | D28: -9263 | E28: -23542 | F28: -24018
A30: Cash at beginning of period | B30: 15605 | C30: 35686 | D30: 35980 | E30: 21023 | F30: 32350
A31: Cash at end of period | B31: 35686 | C31: 35980 | D31: 21023 | E31: 32350 | F31: 33709
A32: Net change in cash | B32: 20081 | C32: 294 | D32: -14957 | E32: 11327 | F32: 1359

Sheet Raw Data
B2: RCI Hospitality Holdings, Inc. (NASDAQ: RICK)
B3: Source Financial Data — Fiscal Years Ended September 30 ($ in millions)
B4: Source: Company 10-K / 10-Q filings, as compiled via stockanalysis.com (SEC EDGAR)
B6: Line Item ($mm) | C6: FY2021 | D6: FY2022 | E6: FY2023 | F6: FY2024 | G6: FY2025
B7: Income Statement
B8: Revenue | C8: 195.26 | D8: 267.62 | E8: 293.79 | F8: 295.6 | G8: 279.43
B9: Cost of Goods Sold | C9: 30.05 | D9: 36.01 | E9: 39 | F9: 40.99 | G9: 36.64
B10: Gross Profit | C10: =C8-C9 -> 165.21 | D10: =D8-D9 -> 231.61 | E10: =E8-E9 -> 254.79 | F10: =F8-F9 -> 254.61 | G10: =G8-G9 -> 242.79
B11: Operating Income (EBIT) | C11: 38.55 | D11: 71.46 | E11: 51.48 | F11: 18.81 | G11: 30.27
B12: Interest Expense | C12: 9.99 | D12: 11.95 | E12: 15.93 | F12: 16.68 | G12: 16.35
B13: Net Income | C13: 30.15 | D13: 46.06 | E13: 29.1 | F13: 3.02 | G13: 10.84
B14: Balance Sheet
B15: Cash & Equivalents | C15: 35.69 | D15: 35.98 | E15: 21.02 | F15: 32.35 | G15: 33.71
B16: Accounts Receivable | C16: 7.79 | D16: 8.74 | E16: 10.1 | F16: 5.83 | G16: 3.94
B17: Inventory | C17: 2.66 | D17: 3.89 | E17: 4.41 | F17: 4.68 | G17: 4.86
B18: Total Current Assets | C18: 52.95 | D18: 51.16 | E18: 37.47 | F18: 47.29 | G18: 50.87
B19: Net PP&E | C19: 200.26 | D19: 261.66 | E19: 317.64 | F19: 306.31 | G19: 304.81
B20: Total Assets | C20: 364.62 | D20: 530.74 | E20: 610.88 | F20: 584.36 | G20: 596.94
B21: Total Current Liabilities | C21: 23.03 | D21: 31.5 | E21: 47.98 | F21: 48.08 | G21: 62.96
B22: Total Debt | C22: 151.1 | D22: 241.26 | E22: 277.9 | F22: 272.25 | G22: 266.42
B23: Total Shareholders' Equity | C23: 179.22 | D23: 241.76 | E23: 281.32 | F23: 263.11 | G23: 260.88
B25: Check: Total Liabilities + Equity = Total Assets | C25: =(C20-C23)+C23=C20 -> TRUE | D25: =(D20-D23)+D23=D20 -> TRUE | E25: =(E20-E23)+E23=E20 -> TRUE | F25: =(F20-F23)+F23=F20 -> TRUE | G25: =(G20-G23)+G23=G20 -> TRUE
B28: Note: Interest Expense shown as positive (absolute) value. Total Debt includes current + long-term interest-bearing debt.

Sheet Cash Flow Statement
B2: RCI Hospitality Holdings, Inc. (NASDAQ: RICK)
B3: Consolidated Statement of Cash Flows — Fiscal Years Ended September 30 ($ in millions)
B4: Source: Company 10-K / 10-Q filings (SEC EDGAR); converted from $ thousands as reported
B6: Line Item ($mm) | C6: FY2021 | D6: FY2022 | E6: FY2023 | F6: FY2024 | G6: FY2025
B7: Cash Flows from Operating Activities
B8: Net Income | C8: 30.15 | D8: 46.06 | E8: 29.1 | F8: 3.018 | G8: 10.839
B9: Depreciation & Amortization | C9: 8.549 | D9: 12.705 | E9: 15.766 | F9: 16.003 | G9: 15.627
B10: Deferred Income Taxes | C10: -1.253 | D10: 3.08 | E10: -1.781 | F10: -6.45 | G10: -1.004
B11: Share-Based Compensation | C11: 0 | D11: 2.35 | E11: 2.59 | F11: 1.88 | G11: 1.37
B12: Change in Accounts Receivable | C12: -0.769 | D12: -0.175 | E12: -2.383 | F12: 4.283 | G12: 1.943
B13: Change in Inventories | C13: -0.29 | D13: -0.55 | E13: 0.18 | F13: -0.31 | G13: -0.02
B14: Change in Accounts Payable | C14: -6.52 | D14: -1.08 | E14: 1.37 | F14: 1.12 | G14: 16.91
B15: Change in Other Working Capital | C15: -3.451 | D15: -1.421 | E15: -1.203 | F15: 2.671 | G15: 17.594
B16: Other Adjustments | C16: 7.05 | D16: 5.13 | E16: 13.49 | F16: 32.92 | G16: 4.53
B17: Net Cash Provided by Operating Activities | C17: 41.991 | D17: 64.509 | E17: 59.13 | F17: 55.884 | G17: 49.418
B18: (sum of components above, for reference) | C18: =SUM(C8:C16) -> 33.466 | D18: =SUM(D8:D16) -> 66.099 | E18: =SUM(E8:E16) -> 57.129 | F18: =SUM(F8:F16) -> 55.135 | G18: =SUM(G8:G16) -> 67.789
B20: Cash Flows from Investing Activities
B21: Capital Expenditures | C21: -13.511 | D21: -24.003 | E21: -40.384 | F21: -24.6 | G21: -14.527
B22: Proceeds from Sale of Fixed Assets | C22: 5.42 | D22: 10.67 | E22: 4.25 | F22: 1.97 | G22: 1.09
B23: Payments for Business Acquisitions | C23: 0 | D23: -55.29 | E23: -29 | F23: 0 | G23: -13
B24: Other Investing Activities | C24: 1.28 | D24: 0.83 | E24: 0.32 | F24: 1.62 | G24: 2.39
B25: Net Cash Used in Investing Activities | C25: -6.814 | D25: -67.797 | E25: -64.824 | F25: -21.015 | G25: -24.041
B26: (sum of components above, for reference) | C26: =SUM(C21:C24) -> -6.811 | D26: =SUM(D21:D24) -> -67.793 | E26: =SUM(E21:E24) -> -64.814 | F26: =SUM(F21:F24) -> -21.01 | G26: =SUM(G21:G24) -> -24.047
B28: Cash Flows from Financing Activities
B29: Proceeds from Long-Term Debt | C29: 38.49 | D29: 35.82 | E29: 11.595 | F29: 22.657 | G29: 10.888
B30: Repayment of Long-Term Debt | C30: -49.178 | D30: -14.894 | E30: -15.65 | F30: -23.001 | G30: -20.502
B31: Repurchase of Common Stock | C31: -1.794 | D31: -15.097 | E31: -2.223 | F31: -20.606 | G31: -11.86
B32: Dividends Paid | C32: -1.44 | D32: -1.784 | E32: -2.146 | F32: -2.302 | G32: -2.464
B33: Other Financing Activities | C33: -1.174 | D33: -0.463 | E33: -0.839 | F33: -0.29 | G33: -0.08
B34: Net Cash Provided by (Used in) Financing Activities | C34: -15.096 | D34: 3.582 | E34: -9.263 | F34: -23.542 | G34: -24.018
B35: (sum of components above, for reference) | C35: =SUM(C29:C33) -> -15.096 | D35: =SUM(D29:D33) -> 3.582 | E35: =SUM(E29:E33) -> -9.263 | F35: =SUM(F29:F33) -> -23.542 | G35: =SUM(G29:G33) -> -24.018
B37: Net Change in Cash | C37: =C17+C25+C34 -> 20.081 | D37: =D17+D25+D34 -> 0.294 | E37: =E17+E25+E34 -> -14.957 | F37: =F17+F25+F34 -> 11.327 | G37: =G17+G25+G34 -> 1.359
B38: Cash at Beginning of Period | C38: 15.605 | D38: 35.686 | E38: 35.98 | F38: 21.023 | G38: 32.35
B39: Cash at End of Period | C39: =C38+C37 -> 35.686 | D39: =D38+D37 -> 35.98 | E39: =E38+E37 -> 21.023 | F39: =F38+F37 -> 32.35 | G39: =G38+G37 -> 33.709
B41: Check: Ties to Cash & Equivalents on Raw Data / Balance Sheet (within $0.05mm rounding tolerance)
C42: =ABS(C39-'Raw Data'!C15)<0.05 -> TRUE | D42: =ABS(D39-'Raw Data'!D15)<0.05 -> TRUE | E42: =ABS(E39-'Raw Data'!E15)<0.05 -> TRUE | F42: =ABS(F39-'Raw Data'!F15)<0.05 -> TRUE | G42: =ABS(G39-'Raw Data'!G15)<0.05 -> TRUE
B44: Note: '—' (not disclosed / nil) in source statement treated as $0.00. Figures converted from $ thousands as reported to $ millions. Bold subtotal rows are the statement's reported totals (authoritative); the italic '(sum of components)' line beneath each is provided for reference and may differ slightly due to rounding or non-itemized adjustments not broken out in the source detail.

Sheet Ratios
B2: RCI Hospitality Holdings — 5-Year Financial Ratio Analysis
B3: All figures computed from 'Raw Data' sheet via live formulas
B5: Ratio | C5: FY2021 | D5: FY2022 | E5: FY2023 | F5: FY2024 | G5: FY2025
B6: Profitability
B7: Gross Margin | C7: =('Raw Data'!C10)/'Raw Data'!C8 -> 0.84610263 | D7: =('Raw Data'!D10)/'Raw Data'!D8 -> 0.86544354 | E7: =('Raw Data'!E10)/'Raw Data'!E8 -> 0.86725212 | F7: =('Raw Data'!F10)/'Raw Data'!F8 -> 0.86133288 | G7: =('Raw Data'!G10)/'Raw Data'!G8 -> 0.86887593
B8: Operating Margin | C8: ='Raw Data'!C11/'Raw Data'!C8 -> 0.19742907 | D8: ='Raw Data'!D11/'Raw Data'!D8 -> 0.2670204 | E8: ='Raw Data'!E11/'Raw Data'!E8 -> 0.1752272 | F8: ='Raw Data'!F11/'Raw Data'!F8 -> 0.063633288 | G8: ='Raw Data'!G11/'Raw Data'!G8 -> 0.10832767
B9: Net Margin | C9: ='Raw Data'!C13/'Raw Data'!C8 -> 0.15440951 | D9: ='Raw Data'!D13/'Raw Data'!D8 -> 0.17210971 | E9: ='Raw Data'!E13/'Raw Data'!E8 -> 0.099050342 | F9: ='Raw Data'!F13/'Raw Data'!F8 -> 0.010216509 | G9: ='Raw Data'!G13/'Raw Data'!G8 -> 0.038793258
B10: Liquidity
B11: Current Ratio | C11: ='Raw Data'!C18/'Raw Data'!C21 -> 2.299175 | D11: ='Raw Data'!D18/'Raw Data'!D21 -> 1.624127 | E11: ='Raw Data'!E18/'Raw Data'!E21 -> 0.7809504 | F11: ='Raw Data'!F18/'Raw Data'!F21 -> 0.98356905 | G11: ='Raw Data'!G18/'Raw Data'!G21 -> 0.80797332
B12: Quick Ratio | C12: =('Raw Data'!C15+'Raw Data'!C16)/'Raw Data'!C21 -> 1.8879722 | D12: =('Raw Data'!D15+'Raw Data'!D16)/'Raw Data'!D21 -> 1.4196825 | E12: =('Raw Data'!E15+'Raw Data'!E16)/'Raw Data'!E21 -> 0.64860358 | F12: =('Raw Data'!F15+'Raw Data'!F16)/'Raw Data'!F21 -> 0.79409318 | G12: =('Raw Data'!G15+'Raw Data'!G16)/'Raw Data'!G21 -> 0.59799873
B13: Cash Ratio | C13: ='Raw Data'!C15/'Raw Data'!C21 -> 1.5497178 | D13: ='Raw Data'!D15/'Raw Data'!D21 -> 1.1422222 | E13: ='Raw Data'!E15/'Raw Data'!E21 -> 0.43809921 | F13: ='Raw Data'!F15/'Raw Data'!F21 -> 0.67283694 | G13: ='Raw Data'!G15/'Raw Data'!G21 -> 0.53541931
B14: Efficiency
B15: Asset Turnover | C15: ='Raw Data'!C8/'Raw Data'!C20 -> 0.53551643 | D15: ='Raw Data'!D8/'Raw Data'!D20 -> 0.50423936 | E15: ='Raw Data'!E8/'Raw Data'!E20 -> 0.48092915 | F15: ='Raw Data'!F8/'Raw Data'!F20 -> 0.50585256 | G15: ='Raw Data'!G8/'Raw Data'!G20 -> 0.468104
B16: Fixed Asset Turnover | C16: ='Raw Data'!C8/'Raw Data'!C19 -> 0.97503246 | D16: ='Raw Data'!D8/'Raw Data'!D19 -> 1.0227777 | E16: ='Raw Data'!E8/'Raw Data'!E19 -> 0.924915 | F16: ='Raw Data'!F8/'Raw Data'!F19 -> 0.96503542 | G16: ='Raw Data'!G8/'Raw Data'!G19 -> 0.91673502
B17: Leverage
B18: Interest Coverage (EBIT/Interest) | C18: ='Raw Data'!C11/'Raw Data'!C12 -> 3.8588589 | D18: ='Raw Data'!D11/'Raw Data'!D12 -> 5.9799163 | E18: ='Raw Data'!E11/'Raw Data'!E12 -> 3.2316384 | F18: ='Raw Data'!F11/'Raw Data'!F12 -> 1.1276978 | G18: ='Raw Data'!G11/'Raw Data'!G12 -> 1.8513761
B19: Debt / Equity | C19: ='Raw Data'!C22/'Raw Data'!C23 -> 0.84309787 | D19: ='Raw Data'!D22/'Raw Data'!D23 -> 0.99793183 | E19: ='Raw Data'!E22/'Raw Data'!E23 -> 0.98784303 | F19: ='Raw Data'!F22/'Raw Data'!F23 -> 1.0347383 | G19: ='Raw Data'!G22/'Raw Data'!G23 -> 1.0212358
B22: Trend Commentary
B23: • Profitability: Gross margin stable ~85-87%; operating & net margins peaked FY2022 then compressed sharply through FY2024 (rising costs/one-offs) with partial recovery in FY2025.
B24: • Liquidity: Current, quick and cash ratios all declined steadily from FY2021 highs; current ratio fell below 1.0x from FY2023 onward, signalling tightening short-term liquidity.
B25: • Efficiency: Asset and fixed-asset turnover drifted down as PP&E/acquisitions grew faster than revenue, consistent with debt-funded club expansion outpacing near-term sales contribution.
B26: • Leverage: Debt/Equity rose from 0.84x to ~1.0x+ and has stayed elevated since FY2022; interest coverage fell from ~6x to just 1.13x in FY2024 before recovering to 1.85x in FY2025 - the tightest coverage point in the period.
